 Dungeon Crawl Stone Soup version 0.27-a0-419-g7a85846853 (webtiles) character file.

Game seed: 7539913128537424244

2 Chiseanne the Shield-Bearer (level 1, 0/15 HPs)
             Began as a Demonspawn Wanderer on Feb 26, 2021.
             Slain by a kobold
             ... wielding a +1 dagger of protection
              (2 damage)
             ... on level 1 of the Dungeon.
             The game lasted 00:00:14 (85 turns).

Chiseanne the Shield-Bearer (Demonspawn Wanderer)     Turns: 85, Time: 00:00:15

Health: 0/15       AC:  2    Str: 14    XL:     1   Next: 33%
Magic:  2/2        EV: 11    Int: 14    God:
Gold:   3          SH:  3    Dex:  9    Spells: 2/2 levels left

rFire    . . .     SeeInvis .   a - +2 dagger
rCold    . . .     Faith    .   d - +0 buckler
rNeg     . . .     Spirit   .   e - +0 robe
rPois    .         Reflect  .   (no helmet)
rElec    .         Harm     .   (no cloak)
rCorr    .         Rampage  .   (no gloves)
Will     .....                  (no boots)
Stlth    +.........             (no amulet)
HPRegen  0.05/turn              (no ring)
MPRegen  0.08/turn              (no ring)

@: no status effects
A: no striking features
a: no special abilities


You were on level 1 of the Dungeon.
You visited 1 branch of the dungeon, and saw 1 of its levels.

You collected 3 gold pieces.

Inventory:

Hand Weapons
 a - a +2 dagger (weapon)
Armour
 d - a +0 buckler (worn)
 e - a +0 robe (worn)
Potions
 b - a potion of haste
 c - a potion of lignification


   Skills:
 * Level 1.1 Fighting
 - Level 1.0 Short Blades
 * Level 0.2 Dodging
 - Level 1.0 Stealth
 * Level 1.8 Shields
 - Level 1.0 Spellcasting
 - Level 1.7 Air Magic
 - Level 1.7 Earth Magic


You had 2 spell levels left.
You didn't know any spells.
Your spell library was empty.

Dungeon Overview and Level Annotations

Branches:
Dungeon (1/15)

Altars:


Message History

You are too injured to fight recklessly!
You are too injured to fight recklessly!
You are too injured to fight recklessly!
You are too injured to fight recklessly!
You are too injured to fight recklessly!
You are too injured to fight recklessly!
You are too injured to fight recklessly!
You are too injured to fight recklessly!
You are too injured to fight recklessly!
You are too injured to fight recklessly!
You are too injured to fight recklessly!
You are too injured to fight recklessly!
You are too injured to fight recklessly!
There is an open door here.
You block the dart slug's attack.
You hit the dart slug.
The dart slug is moderately wounded.
The dart slug bites you.
* * * LOW HITPOINT WARNING * * *
You hit the dart slug but do no damage.
The dart slug is moderately wounded.
You block the dart slug's attack.
You hit the dart slug.
The dart slug is heavily wounded.
You completely miss the dart slug.
The dart slug is heavily wounded.
The dart slug launches a dart at you. The slug dart hits you.
* * * LOW HITPOINT WARNING * * *
You hit the dart slug.
The dart slug is almost dead.
The dart slug bites you but does no damage.
You hit the dart slug.
You kill the dart slug!
You closely miss the kobold. You block the kobold's attack.
A frilled lizard comes into view.
The frilled lizard hisses angrily.
You hit the kobold but do no damage.
The kobold hits you with a +1 dagger of protection.
You die...

### ♣♣≈≈≈≈8≈≈≈≈≈≈###
.......# ♣♣....≈≈≈≈.####..
........#♣...####...#<'..<
............##..##..###...
.......##...'....#..'.....
....... #♣..##...#..######
.......##♣..♣###'#.....♣♣♣
........###..♣♣#.#♣♣......
..l....KK@'...♣#.######...
.......######.♣#..'...#...
....... ##♣#..'...#...
....... ########♣♣♣
....... ....... .......
.......


You could see 2 kobolds and a frilled lizard.

Vanquished Creatures
  A dart slug (D:1)
1 creature vanquished.

Notes
Turn   | Place    | Note
-------+----------+-------------------------------------------
     0 | D:1      | Chiseanne the Demonspawn Wanderer began the quest for the
                  | Orb.
     0 | D:1      | Chiseanne set off with the following items: a +2 dagger, a
                  | potion of haste, a potion of lignification, a +0 buckler, a
                  | +0 robe
     0 | D:1      | Reached XP level 1. HP: 15/15 MP: 2/2
    85 | D:1      | Slain by a kobold

Illustrated notes

Levels and vault maps discovered:
D:1:      sevenhm_arrival_forest_fort_small_5, layout_basic

Action                   || total
-------------------------++-------
Melee: Dagger            ||    11
Armor: Robe              ||     2
Dodge: Dodged            ||     2
Block: Buckler           ||     3

Table legend: (Time is in decaauts)
 A = Elapsed time spent in this place.
 B = Non-inter-level travel time spent in this place.
 C = Inter-level travel time spent in this place.
 D = Time resting spent in this place.
 E = Time spent auto-exploring this place.
 F = Levels seen in this place.
 G = Mean time per level.
                   A        B        C        D        E       F      G
               +--------+--------+--------+--------+--------+-----+--------+
         Total |     86 |     86 |      0 |      0 |     65 |   1 |   86.0 |
       Dungeon |     86 |     86 |      0 |      0 |     65 |   1 |   86.0 |
               +--------+--------+--------+--------+--------+-----+--------+

Top non-repeatable levels by time:
     D:1: 86 daAuts
